 Dungeon Crawl Stone Soup version 0.23.2-33-g5129a83184 (webtiles) character file.

Game seed: 8436294029515390330

1377 funkygono the Cudgeler (level 8, -6/70 HPs)
             Began as a Minotaur Fighter on July 9, 2019.
             Was an Initiate of the Shining One.
             Mangled by a two-headed ogre
             ... wielding a +0 giant spiked club
              (16 damage)
             ... on level 6 of the Dungeon.
             The game lasted 00:10:56 (4533 turns).

funkygono the Cudgeler (Minotaur Fighter)           Turns: 4533, Time: 00:10:57

Health: -6/70      AC:  6    Str: 28    XL:     8   Next: 39%
Magic:  7/7        EV: 11    Int:  5    God:    the Shining One [......]
Gold:   255        SH: 12    Dex: 10    Spells: 7/7 levels left

rFire    . . .     SeeInvis +   a - +1 flail
rCold    + + +     Gourm    .   c - +1 shield
rNeg     + . .     Faith    .   C - +4 skin of Zhor {Hibernate rC+++ SInv}
rPois    .         Spirit   .   x - +0 hat
rElec    .         Reflect  .   (no cloak)
rCorr    .         Harm     .   (no gloves)
MR       .....                  (no boots)
Stlth    +.........             (no amulet)
HPRegen  0.21/turn              j - ring of positive energy
MPRegen  0.10/turn              y - +5 ring of strength

@: glowing
A: retaliatory headbutt, horns 2
a: Renounce Religion


You were on level 6 of the Dungeon.
You worshipped the Shining One.
The Shining One was noncommittal.
You were very hungry.

You visited 2 branches of the dungeon, and saw 7 of its levels.

You collected 255 gold pieces.

Inventory:

Hand Weapons
 a - a +1 flail (weapon)
 v - a +0 hunting sling
 w - a +4 whip of pain
Missiles
 i - 192 stones (quivered)
Armour
 b - a +0 scale mail
 c - a +1 shield (worn)
 x - a +0 hat (worn)
 C - the +4 skin of Zhor (worn) {Hibernate rC+++ SInv}
   (You found it on level 5 of the Dungeon)

   It renders you almost immune to cold.
   It lets you see invisible.
Jewellery
 j - a ring of positive energy (left hand)
 o - a +1 ring of slaying
 p - a cursed -3 ring of evasion {unknown}
 q - an uncursed amulet of harm {unknown}
 r - an uncursed ring of resist corrosion
 y - a +5 ring of strength (right hand)
Wands
 B - a wand of flame (17)
Scrolls
 s - 4 scrolls of remove curse
Potions
 d - 2 potions of might
 e - 2 potions of ambrosia
 g - a potion of haste
 h - 3 potions of brilliance
 k - 3 potions of lignification
 l - 4 potions of berserk rage
 m - 2 potions of curing
 n - a potion of resistance {unknown}
 t - 3 potions of heal wounds
 u - a potion of mutation {unknown}
 z - 2 potions of cancellation
 A - a potion of invisibility {unknown}
Comestibles
 f - 11 rations


   Skills:
 + Level 5.7 Fighting
 + Level 7.9 Maces & Flails
 + Level 7.0 Armour
 + Level 2.7 Dodging
 + Level 1.1 Stealth
 + Level 6.1 Shields


You had 7 spell levels left.
You didn't know any spells.
Your spell library contained the following spells:

 Spells                   Type           Power        Failure   Level  Hunger
 Beastly Appendage        Tmut           #.....       86%         1    ##.....
 Sticks to Snakes         Tmut           #.......     94%         2    ###....
 Spider Form              Tmut/Pois      #.........   99%         3    ####...
 Ice Form                 Ice/Tmut       #.......     100%        4    #####..
 Blade Hands              Tmut           #.........   100%        5    ######.


Dungeon Overview and Level Annotations

Branches:
Dungeon (6/15)             Temple (1/1) D:5

Altars:
Ashenzari
Cheibriados
Dithmenos
Elyvilon
Gozag
Hepliaklqana
Kikubaaqudgha
Makhleb
Nemelex Xobeh
Okawaru
Qazlal
Trog
Uskayaw
Vehumet
Wu Jian
Xom
Yredelemnul
Zin
The Shining One


Innate Abilities, Weirdness & Mutations

You reflexively headbutt those who attack you in melee.
You have a pair of horns on your head.


Message History

The black bear claws you.
You sock the black bear! You headbutt the black bear!
You kill the black bear!
Your Armour skill increases to level 7!
You barely miss the two-headed ogre.
You headbutt the two-headed ogre, but do no damage.
The two-headed ogre completely misses you.
You block the two-headed ogre's attack.
You barely miss the two-headed ogre.
Your headbutt misses the two-headed ogre.
You hit the two-headed ogre.
The two-headed ogre is lightly wounded.
The two-headed ogre hits you with a +0 giant spiked club.
The two-headed ogre hits you with a +0 giant club!!
You hit the two-headed ogre.
The two-headed ogre is lightly wounded.
The two-headed ogre hits you with a +0 giant spiked club!!
* * * LOW HITPOINT WARNING * * *
The two-headed ogre hits you with a +0 giant club!
You die...

.##.... ..#...
##.#.. .... #..#
##..# #...#
#.#.######.#.
#.#.@O......#
#.####5>.....
###.# .......
#...# .......
##.### .......
##..## .......
#....######.####.
#.............
#.............


You could see a two-headed ogre and a crimson imp.

Vanquished Creatures
  Grinder (D:3)
  Eustachio (D:5)
  Menkaure (D:4)
  Duvessa (D:4)
  A sky beast (D:5)
  A black bear (D:6)
  An ogre (D:4)
  Blork the orc (D:5)
  Dowan (D:4)
  A crimson imp (D:3)
  A centaur skeleton (D:5)
  A bullfrog skeleton (D:5)
  Jessica (D:3)
  An iguana (D:5)
  Terence (D:3)
  2 worker ants (D:4)
  A hound zombie (D:2)
  Robin (D:4)
  4 adders
  4 gnolls (D:3)
  3 oozes
  An adder skeleton (D:4)
  2 worms (D:2)
  4 dart slugs
  2 leopard geckos
  An orc (D:3)
  3 ball pythons
  A giant cockroach (D:1)
  14 hobgoblins
  6 jackals (D:2)
  11 kobolds
  2 quokkas
  3 bats
  9 frilled lizards
  17 goblins
  4 rats
110 creatures vanquished.

Notes
Turn   | Place    | Note
-------+----------+-------------------------------------------
     0 | D:1      | funkygono the Minotaur Fighter began the quest for the Orb.
     0 | D:1      | Reached XP level 1. HP: 19/19 MP: 0/0
    85 | D:1      | Reached XP level 2. HP: 12/27 MP: 1/1
   847 | D:2      | Reached XP level 3. HP: 29/33 MP: 2/2
  1146 | D:2      | Reached XP level 4. HP: 36/40 MP: 3/3
  1605 | D:3      | Reached XP level 5. HP: 46/47 MP: 4/4
  1616 | D:3      | Reached skill level 5 in Maces & Flails
  1656 | D:3      | Noticed Jessica
  1662 | D:3      | Killed Jessica
  1694 | D:3      | Noticed Grinder
  1701 | D:3      | Paralysed by Grinder for 6 turns
  1715 | D:3      | Paralysed by Grinder for 5 turns
  1721 | D:3      | Killed Grinder
  1721 | D:3      | Reached skill level 5 in Armour
  1721 | D:3      | Reached XP level 6. HP: 7/53 MP: 5/5
  2392 | D:3      | Noticed Terence
  2405 | D:3      | Killed Terence
  2815 | D:2      | Found a hazy altar of Hepliaklqana.
  2917 | D:4      | Found a basalt altar of Yredelemnul.
  2919 | D:4      | Noticed Menkaure
  2929 | D:4      | Killed Menkaure
  2929 | D:4      | Reached skill level 1 in Dodging
  2929 | D:4      | Reached XP level 7. HP: 35/60 MP: 6/6
  2993 | D:4      | Found a stormy altar of Qazlal.
  3039 | D:4      | Noticed Robin
  3048 | D:4      | Killed Robin
  3053 | D:4      | Reached skill level 5 in Shields
  3078 | D:4      | Noticed Duvessa
  3079 | D:4      | Noticed Dowan
  3088 | D:4      | Killed Duvessa
  3088 | D:4      | Reached skill level 5 in Fighting
  3104 | D:4      | Killed Dowan
  3539 | D:5      | Entered Level 5 of the Dungeon
  3555 | D:5      | Found an ornate altar of the Wu Jian Council.
  3586 | D:5      | Found a staircase to the Ecumenical Temple.
  3600 | D:5      | Found an ancient bone altar of Kikubaaqudgha.
  3823 | D:5      | Reached XP level 8. HP: 59/68 MP: 7/7
  3844 | D:5      | Noticed Blork the orc
  3853 | D:5      | Killed Blork the orc
  3980 | D:5      | Noticed Eustachio
  4006 | D:5      | Killed Eustachio
  4006 | D:5      | Reached skill level 1 in Stealth
  4186 | D:5      | Found the +4 skin of Zhor {Hibernate rC+++ SInv}
  4285 | Temple   | Entered the Ecumenical Temple
  4304 | Temple   | Became a worshipper of the Shining One
  4520 | D:6      | Noticed a two-headed ogre
  4533 | D:6      | Mangled by a two-headed ogre

Skill      XL: |  1  2  3  4  5  6  7  8 |
---------------+-------------------------+-----
Fighting       | 4 5 |  5.7
Armour         | 4 5 6 7 |  7.0
Maces & Flails | 3 4 6 7 |  7.9
Shields        | 4 5 6 |  6.1
Dodging        | 1 2 |  2.7
Stealth        | 1 |  1.1

Action                   |  1- 3 |  4- 6 |  7- 9 || total
-------------------------+-------+-------+-------++-------
Melee: Flail             |    75 |    29 |     6 ||   110
       Headbutt          |     9 |    20 |    17 ||    46
       Whip              |       |    84 |    86 ||   170
  Use: Scroll            |     7 |     6 |     2 ||    15
       Potion            |       |       |     1 ||     1
  Eat: Chunk             |     1 |     5 |     4 ||    10
Armor: Scale mail        |    25 |    27 |    14 ||    66
Dodge: Dodged            |    18 |    30 |    34 ||    82
Block: Shield            |    38 |    62 |    48 ||   148
